 Dungeon Crawl Stone Soup version 0.17-a0-2101-g0c122e7 (webtiles) character file.

868 4thArraOfDagon the Chopper (level 7, 32/64 HPs)
             Began as a Minotaur Fighter on Oct 18, 2015.
             Starved to death
             ... on level 7 of the Dungeon.
             The game lasted 00:07:00 (1303 turns).

4thArraOfDagon the Chopper (Minotaur Fighter)       Turns: 1303, Time: 00:07:00

Health: 32/64      AC: 13    Str: 20      XL:     7   Next: 73%
Magic:  15/15      EV:  7    Int:  7      God:
Gold:   209        SH:  9    Dex:  9 (10) Spells: 0 memorised, 6 levels left

rFire  . . .     SeeInvis .     a - +0 war axe
rCold  . . .     Clarity  .     r - +2 scale mail {rN+}
rNeg   + . .     SustAt   .     c - +0 shield
rPois  .         Gourm    .     (helmet restricted)
rElec  .         Spirit   .     (no cloak)
rCorr  .         Warding  .     q - +2 pair of gloves
rMut   .         Stasis   .     (no boots)
MR     .....                    (no amulet)
Stlth  ..........               (no ring)
                                g - ring of magical power (curse)

@: fainting, not resistant to hostile enchantments, extremely unstealthy
A: retaliatory headbutt, horns 2
a: no special abilities


You were on level 7 of the Dungeon.
You were fainting.

You visited 1 branch of the dungeon, and saw 7 of its levels.

You collected 209 gold pieces.

Inventory:

Hand Weapons
 a - a +0 war axe (weapon)
Missiles
 j - 2 throwing nets (quivered)
Armour
 c - a +0 shield (worn)
 q - a +2 pair of gloves (worn)
 r - a +2 scale mail of positive energy (worn)
Jewellery
 g - a cursed ring of magical power (left hand)
Wands
 m - a wand of flame (19)
Scrolls
 f - 2 scrolls of identify
 h - a scroll of recharging
 k - a scroll of teleportation {unknown}
 l - a scroll of fog {unknown}
Potions
 b - a potion of lignification
 d - a potion of might
 i - a potion of heal wounds
 n - a potion of ambrosia
 p - a potion of invisibility
Comestibles
 e - 2 bread rations
 o - a meat ration


   Skills:
 + Level 6.4 Fighting
 * Level 7.7 Axes
 + Level 6.4 Armour
 - Level 3.6 Shields


You had 6 spell levels left.
You didn't know any spells.

Dungeon Overview and Level Annotations

Branches:
Dungeon (7/15)
 Temple: D:4-7

Altars:
Okawaru

Shops:
D:6 :

Annotations:
D:6 Eustachio


Innate Abilities, Weirdness & Mutations

You reflexively headbutt those who attack you in melee.
You have a pair of horns on your head.


Message History

The hungry ghost hits you.
You feel slightly more hungry.
You hit the hungry ghost but do no damage.
Your headbutt misses the hungry ghost.
The hungry ghost is severely damaged.
The hungry ghost hits you.
You feel slightly more hungry.
You closely miss the hungry ghost.
The hungry ghost is severely damaged.
The hungry ghost hits you.
You feel slightly more hungry.
You closely miss the hungry ghost. Your headbutt misses the hungry ghost.
The hungry ghost is severely damaged.
The hungry ghost hits you.
You feel slightly more hungry.
You closely miss the hungry ghost.
The hungry ghost is severely damaged.
The hungry ghost barely misses you. You furiously retaliate!
You headbutt the hungry ghost. You slash the hungry ghost!
You destroy the hungry ghost!
You feel your dexterity returning.
You have starved to death.
You die...

..... #####.##.#.
.....##..........
.........<.....#
#..........#..#
###..##.....##
......##.##.#
#...##.# .#
#......##.#
#..@.)..# #
##.#........#
#.#...>......
............#
..#.###.....<.
..... .....##
....## ....##
....# .[..#


There were no monsters in sight!

Vanquished Creatures
  A hungry ghost (D:7)
  A phantom (D:5)
  A centaur (D:6)
  A giant frog (D:6)
  A scorpion (D:4)
  A quasit (D:6)
  A crimson imp (D:5)
  An iguana (D:3)
  2 worker ants
  2 orc wizards
  An orc priest (D:6)
  Jessica (D:3)
  A hound skeleton (D:4)
  Robin (D:2)
  5 adders
  4 gnolls
  A shadow imp (D:6)
  An ooze (D:4)
  3 worms
  3 giant geckos
  16 orcs
  10 goblins
  6 hobgoblins (D:2)
  2 kobolds
  2 quokkas (D:5)
  3 bats
  3 giant cockroaches
  2 giant newts
  3 rats (D:2)
80 creatures vanquished.

Notes
Turn   | Place    | Note
--------------------------------------------------------------
     0 | D:1      | 4thArraOfDagon the Minotaur Fighter began the quest for the Orb.
     0 | D:1      | Reached XP level 1. HP: 19/19 MP: 0/0
   152 | D:2      | Noticed Robin
   154 | D:2      | Reached XP level 2. HP: 22/27 MP: 1/1
   163 | D:2      | Killed Robin
   163 | D:2      | Reached skill level 4 in Fighting
   202 | D:2      | Reached XP level 3. HP: 33/33 MP: 2/2
   408 | D:2      | Reached XP level 4. HP: 27/40 MP: 3/3
   538 | D:3      | Noticed Jessica
   544 | D:3      | Killed Jessica
   597 | D:3      | Reached skill level 5 in Axes
   597 | D:3      | Reached XP level 5. HP: 47/47 MP: 4/4
   712 | D:4      | Found an iron altar of Okawaru.
   738 | D:4      | Reached skill level 5 in Armour
   750 | D:4      | Reached skill level 5 in Fighting
   767 | D:4      | Reached XP level 6. HP: 21/56 MP: 5/5
   874 | D:5      | Entered Level 5 of the Dungeon
   933 | D:4      | Noticed an ogre
  1017 | D:5      | Reached skill level 6 in Axes
  1109 | D:6      | Reached XP level 7. HP: 30/62 MP: 6/6
  1136 | D:6      | Reached skill level 7 in Axes
  1226 | D:6      | Found Xuugaw's Book Boutique.
  1237 | D:6      | Noticed Eustachio
  1303 | D:7      | Starved to death

Vault maps used:
D:1:      kilobyte_arrival_exit_the_forest, st_stairs_13
D:2:      led_sif_pool, kennysheep_generic_room_8, uniq_robin
D:3:      serial_forest, infiniplex_forest_fountain, infiniplex_forest_split,
          infiniplex_forest_straight_2, infiniplex_forest_straight_3,
          infiniplex_forest_lined_3, infiniplex_forest_corner_1,
          infiniplex_forest_straight_3, uniq_jessica
D:4:      okawaru_trees_1
D:5:      first_bread, minmay_misc_feat_hallway
D:6:      yredelemnul_altar_generic, tso_altar,
          minmay_temple_entry_enclosed_plants, lightli_sewer_entry_pipes,
          serial_shops, kennysheep_mini_moat,
          hangedman_abyss_or_decor_lesser_grid, uniq_eustachio,
          uniq_blork_the_orc
D:7:      grunt_temple_overflow_open, basic_altar, grunt_ogre_cave,
          grunt_dithmenos_smoke_and_mirrors

Action                   |  1- 3 |  4- 6 |  7- 9 || total
-------------------------+-------+-------+-------++-------
Melee: War axe           |    58 |   119 |    84 ||   261
  Use: Potion            |       |     2 |     1 ||     3
       Scroll            |       |     5 |       ||     5
  Eat: Chunk             |       |     1 |     2 ||     3
